[Event "*** SCC Grand Prix: Titled Tuesday Blitz"]
[Site "Chess.com"]
[Date "2020.07.14"]
[Round "5"]
[White "Vse_po_kaify"]
[Black "XDPS"]
[Result "0-1"]
[WhiteElo "2013"]
[BlackElo "2680"]
[TimeControl "180+1"]
[EndTime "10:54:35 PDT"]
[Termination "XDPS won by resignation"]

1. e4 c5 2. Nf3 d6 3. d4 cxd4 4. Nxd4 Nf6 5. Nc3 a6 6. h3 e6 7. g4 h6 8. Bg2 g5 9. O-O Nbd7 10. Be3 Ne5 11. Nce2 Qc7 12. b3 Be7 13. c4 h5 14. gxh5 Nxh5 15. f4 gxf4 16. Nxf4 Nxf4 17. Bxf4 Bd7 18. Nf3 O-O-O 19. Qe2 Rdg8 20. Bxe5 dxe5 21. Kh1 Kb8 22. Nh2 f6 23. Rad1 Bc6 24. Ng4 f5 25.
Nh2 Bc5 26. Rd3 Rh4 27. Re1 Bxe4 28. Bxe4 Rxe4 29. Qf3 Rxe1+ 0-1

[Event "*** SCC Grand Prix: Titled Tuesday Blitz"]
[Site "Chess.com"]
[Date "2020.07.14"]
[Round "5"]
[White "vpsetter"]
[Black "Msb2"]
[Result "0-1"]
[WhiteElo "2607"]
[BlackElo "2884"]
[TimeControl "180+1"]
[EndTime "10:54:36 PDT"]
[Termination "Msb2 won by resignation"]

1. e4 e6 2. d4 d5 3. Nc3 Nf6 4. e5 Nfd7 5. f4 c5 6. Nf3 Nc6 7. Be3 a6 8. Qd2 b5 9. Ne2 b4 10. g3 a5 11. Bg2 Ba6 12. O-O Qb6 13. Rf2 Bxe2 14. Rxe2 cxd4 15. Nxd4 Nxd4 16. Bxd4 Bc5 17. Bxc5 Qxc5+ 18. Qe3 Qxe3+ 19. Rxe3 Ke7 20. a3 Rhc8 21. axb4 axb4 22. Rxa8 Rxa8 23. Rb3 Ra4 24. c3 bxc3 25. Rxc3 Rb4 26. b3 g5 27. fxg5 Nxe5 28. Bf1 d4 29.
Rc7+ Kd6 30. Rc8 Rxb3 31. Rd8+ Ke7 32. Rh8 Nf3+ 33. Kf2 Nxg5 34. h4 Ne4+ 0-1

[Event "*** SCC Grand Prix: Titled Tuesday Blitz"]
[Site "Chess.com"]
[Date "2020.07.14"]
[Round "5"]
[White "northridgehawk"]
[Black "Haykoooo0o"]
[Result "0-1"]
[WhiteElo "2353"]
[BlackElo "2527"]
[TimeControl "180+1"]
[EndTime "10:54:42 PDT"]
[Termination "Haykoooo0o won by resignation"]

1. e4 c5 2. Nf3 Nc6 3. d4 cxd4 4. Nxd4 e5 5. Nb5 a6 6. Nd6+ Bxd6 7. Qxd6 Qf6 8. Qd1 Qg6 9. Nc3 d5 10. exd5 Nd4 11.
Bd3 Qxg2 12. Be4 Qh3 13. Be3 Bg4 14. Qd2 Bf3 15. Bxd4 Bxh1 16. Bxh1 exd4 17. Qxd4 Nf6 18. Qe3+ Qxe3+ 19. fxe3 Kd7 20. Kd2 Rhe8 21. Re1 Rac8 22. h3 Kd6 23. Kd3 b5 24. a3 Re5 25. e4 Nd7 26. Kd4 Rc4+ 27. Kd3 Nc5+ 28. Kd2 b4 29. axb4 Rxb4 30. b3 f5 31. exf5 Rd4+ 0-1

[Event "*** SCC Grand Prix: Titled Tuesday Blitz"]
[Site "Chess.com"]
[Date "2020.07.14"]
[Round "5"]
[White "politeplayer"]
[Black "Savva09022009"]
[Result "0-1"]
[WhiteElo "2210"]
[BlackElo "2451"]
[TimeControl "180+1"]
[EndTime "10:54:43 PDT"]
[Termination "Savva09022009 won by checkmate"]

1. e4 c5 2. Nf3 d6 3. d4 cxd4 4. Nxd4 Nf6 5. Nc3 a6 6. Bc4 e6 7.
a4 Be7 8. Ba2 O-O 9. O-O Nc6 10.
Kh1 Qc7 11. f4 b6 12. Nxc6 Qxc6 13. e5 Nd7 14. Nd5 Bd8 15. Nb4 Qe4 16. c3 Bb7 17. Rg1 a5 18. Bb1 Qc4 19. Qc2 g6 20. Nd3 dxe5 21. Nxe5 Nxe5 22. fxe5 Bc7 23. Bh6 Bxe5 24. Bxf8 Qh4 25. Qe4 Qxh2# 0-1

[Event "*** SCC Grand Prix: Titled Tuesday Blitz"]
[Site "Chess.com"]
[Date "2020.07.14"]
[Round "5"]
[White "rududuyk"]
[Black "mattcolins2025"]
[Result "0-1"]
[WhiteElo "2066"]
[BlackElo "2391"]
[TimeControl "180+1"]
[EndTime "10:54:44 PDT"]
[Termination "mattcolins2025 won by resignation"]

1. e4 c5 2. Nc3 Nc6 3. f4 g6 4.
Nf3 Bg7 5. Bc4 e6 6. O-O d6 7. d3 Nge7 8. Qe1 O-O 9. f5 d5 10. Bb3 c4 11. fxg6 cxb3 12. gxh7+ Kh8 13. Ng5 f6 14.
Nh3 e5 15. Qh4 Bxh3 16. Qxh3 Nd4 17. cxb3 f5 18. Bg5 Bf6 19. Qh4 Bxg5 20. Qxg5 Nec6 21. Qxd8 Raxd8 22. Nxd5 fxe4 23. dxe4 Ne2+ 24. Kh1 Ncd4 25. Ne7 Kxh7 26. h3 Rxf1+ 27. Rxf1 Ng3+ 28. Kg1 Nde2+ 0-1

[Event "*** SCC Grand Prix: Titled Tuesday Blitz"]
[Site "Chess.com"]
[Date "2020.07.14"]
[Round "5"]
[White "sea-needle"]
[Black "bmt011"]
[Result "1-0"]
[WhiteElo "2322"]
[BlackElo "2111"]
[TimeControl "180+1"]
[EndTime "10:54:45 PDT"]
[Termination "sea-needle won on time"]

1. e4 e6 2. d4 d5 3. exd5 exd5 4. Nf3 Nc6 5. Bd3 Bg4 6. c3 Bd6 7. h3 Bh5 8. O-O Nce7 9. Nbd2 Qd7 10. Qb3 O-O-O 11.
a4 Bg6 12. Bb5 Qf5 13. a5 Nf6 14. a6 b6 15. c4 Ne4 16. c5 bxc5 17. Ba4 Rdf8 18.
Qb7+ Kd8 19. Qxa7 Nxd2 20. Bxd2 Bh5 21. dxc5 Nc8 22. Qb7 Bxc5 23. Rac1 Bxf3 24. Rxc5 1-0

[Event "*** SCC Grand Prix: Titled Tuesday Blitz"]
[Site "Chess.com"]
[Date "2020.07.14"]
[Round "5"]
[White "talman67"]
[Black "DinaBelenkaya"]
[Result "1-0"]
[WhiteElo "2482"]
[BlackElo "2278"]
[TimeControl "180+1"]
[EndTime "10:54:46 PDT"]
[Termination "talman67 won by resignation"]

1. e4 d5 2. exd5 Qxd5 3. Nc3 Qa5 4. d4 Nf6 5. Nf3 c6 6. Bc4 Bf5 7. Ne5 e6 8. g4 Bg6 9. h4 Be4 10. O-O Bd5 11. g5 Nfd7 12. Nxd5 cxd5 13. Bd3 Nxe5 14. dxe5 Nc6 15. Bf4 Qb4 16. Qf3 g6 17. c3 Qb6 18.
b4 h6 19. h5 hxg5 20. Be3 Rxh5 21. Bxb6 axb6 22. Bb5 Be7 23. c4 g4 24. Qf4 Kd7 25. cxd5 Rah8 26. dxc6+ bxc6 27. Rfd1+ Kc7 28. Qe4 cxb5 29.
Rac1+ Kb8 30. Rd7 Rh1+ 31. Qxh1 1-0

[Event "*** SCC Grand Prix: Titled Tuesday Blitz"]
[Site "Chess.com"]
[Date "2020.07.14"]
[Round "5"]
[White "mamey78"]
[Black "Quiet_Desperation"]
[Result "1-0"]
[WhiteElo "2417"]
[BlackElo "2226"]
[TimeControl "180+1"]
[EndTime "10:54:46 PDT"]
[Termination "mamey78 won by resignation"]

1. e4 e6 2. d4 d5 3. Nc3 Bb4 4. e5 c5 5. a3 Bxc3+ 6. bxc3 Ne7 7. h4 Qa5 8. Bd2 Nbc6 9. h5 h6 10. Nf3 Bd7 11. Be2 O-O-O 12. c4 Qc7 13. cxd5 Nxd5 14. c3 f6 15. c4 Nde7 16. O-O fxe5 17. dxe5 Nxe5 18. Nxe5 Qxe5 19. Re1 Qf6 20. Rb1 Bc6 21. Bg4 Nf5 22. Qe2 Rhe8 23. Bf4 Nd4 24. Qe3 Nc2 25.
Bxe6+ Rxe6 26. Qxe6+ Qxe6 27. Rxe6 Nd4 28. Re7 1-0

[Event "*** SCC Grand Prix: Titled Tuesday Blitz"]
[Site "Chess.com"]
[Date "2020.07.14"]
[Round "5"]
[White "NotFischer"]
[Black "Djager97"]
[Result "0-1"]
[WhiteElo "2145"]
[BlackElo "2449"]
[TimeControl "180+1"]
[EndTime "10:54:47 PDT"]
[Termination "Djager97 won by resignation"]

1. e4 e5 2. Bc4 Nc6 3. d3 Bc5 4. Nc3 d6 5. Na4 Nf6 6. Nxc5 dxc5 7. f4 Bg4 8. Nf3 Nd4 9. c3 Bxf3 10. gxf3 Nc6 11.
Bb5 O-O 12. Bxc6 bxc6 13. f5 Qd6 14. Rg1 Rfd8 15. Bh6 Nh5 16. Bg5 f6 17. Be3 Qxd3 18. Qxd3 Rxd3 19. Ke2 c4 20. Rad1 Rad8 21. Rxd3 Rxd3 22.
Bxa7 Nf4+ 23. Ke1 Rxf3 24. Bf2 Nd3+ 0-1

[Event "*** SCC Grand Prix: Titled Tuesday Blitz"]
[Site "Chess.com"]
[Date "2020.07.14"]
[Round "5"]
[White "mr65"]
[Black "ElCoachRene"]
[Result "1/2-1/2"]
[WhiteElo "2094"]
[BlackElo "2195"]
[TimeControl "180+1"]
[EndTime "10:54:47 PDT"]
[Termination "Game drawn by repetition"]

1. e4 Nc6 2. d4 d5 3. e5 f6 4.
exf6 Nxf6 5. Nf3 Bg4 6. Be2 Bxf3 7. Bxf3 e5 8. dxe5 Nxe5 9. O-O Nxf3+ 10. Qxf3 Be7 11. c4 O-O 12. cxd5 Qxd5 13. Qxd5+ Nxd5 14. Nc3 Nxc3 15. bxc3 Bf6 16. Rb1 b6 17. c4 c5 18.
a4 Bc3 19. Bb2 Bb4 20. Rbd1 Rae8 21. g3 Re2 22. Ba1 Bd2 23. f4 Rfe8 24. Kh1 R8e7 25. f5 Bg5 26. Rd6 Ra2 27. f6 gxf6 28. Bxf6 Bxf6 29. Rdxf6 Ree2 30. Rd1 Rxh2+ 31. Kg1 Rag2+ 32.
Kf1 Kg7 33. Re6 Rf2+ 34. Kg1 Rhg2+ 35. Kh1 Rh2+ 36. Kg1 Rfg2+ 37. Kf1 Rf2+ 38. Kg1 1/2-1/2

[Event "*** SCC Grand Prix: Titled Tuesday Blitz"]
[Site "Chess.com"]
[Date "2020.07.14"]
[Round "5"]
[White "VerdeNotte"]
[Black "GoltsevDmitry2000"]
[Result "1-0"]
[WhiteElo "2792"]
[BlackElo "2562"]
[TimeControl "180+1"]
[EndTime "10:54:51 PDT"]
[Termination "VerdeNotte won by resignation"]

1. e4 c5 2. Nc3 e6 3. Nf3 Nc6 4.
Bb5 a6 5. Bxc6 bxc6 6. e5 Ne7 7. Ne4 Nf5 8. b3 h5 9. Ba3 Qa5 10. Bb2 Be7 11. Qe2 Qb5 12. d3 a5 13. a4 Qb4+ 14. Bc3 Qb6 15. O-O Nd4 16. Qd1 f5 17. Nd6+ Bxd6 18. exd6 Nxf3+ 19. Qxf3 Kf7 20. Qg3 Rh7 21. Qg5 Ba6 22. Qe7+ Kg8 23. Qxd7 Rf8 24. Qxe6+ Kh8 25.
d7 Qd8 26. Rfe1 Bb7 27. Qe8 1-0

[Event "*** SCC Grand Prix: Titled Tuesday Blitz"]
[Site "Chess.com"]
[Date "2020.07.14"]
[Round "5"]
[White "Sychev_Klementy"]
[Black "PotapovaM"]
[Result "1-0"]
[WhiteElo "2738"]
[BlackElo "2495"]
[TimeControl "180+1"]
[EndTime "10:54:51 PDT"]
[Termination "Sychev_Klementy won by resignation"]

1. e4 c5 2. Nf3 d6 3. Nc3 Nf6 4. e5 dxe5 5. Nxe5 a6 6. g3 e6 7.
Bg2 Be7 8. a4 O-O 9. a5 Nfd7 10.
Nc4 Nc6 11. O-O Bf6 12. d3 Nde5 13. Nb6 Rb8 14. Bf4 g5 15. Be3 Nd4 16. Ne4 Be7 17.
f4 Ng6 18. fxg5 e5 19. Nd5 Be6 20. Nef6+ Kg7 21. Qh5 Bxf6 22. Nxf6 1-0

[Event "*** SCC Grand Prix: Titled Tuesday Blitz"]
[Site "Chess.com"]
[Date "2020.07.14"]
[Round "5"]
[White "Agnes66678"]
[Black "Gusarov91"]
[Result "0-1"]
[WhiteElo "2416"]
[BlackElo "2636"]
[TimeControl "180+1"]
[EndTime "10:54:51 PDT"]
[Termination "Gusarov91 won by resignation"]

1. Nf3 d5 2. g3 c6 3. Bg2 Nf6 4. O-O Bg4 5. h3 Bxf3 6. Bxf3 Nbd7 7. Bg2 e5 8. d3 Bc5 9. c4 dxc4 10. dxc4 O-O 11. Nc3 Qe7 12. Qc2 a5 13. b3 Rfd8 14. Bb2 Nf8 15. Na4 Bd4 16. Bxd4 exd4 17. Nb2 c5 18. Nd3 Rac8 19. a3 b6 20. Rab1 Ne4 21. Nf4 Nc3 22. Rbe1 Ne6 23. Nd5 Nxd5 24. Bxd5 Qf6 25.
Qd3 h5 26. h4 Re8 27. b4 axb4 28. axb4 cxb4 29. Rd1 Nc5 30. Qf3 Qxf3 31. Bxf3 Red8 32.
Rb1 b3 33. Bd5 b5 34. Rfd1 bxc4 35. Bxc4 Rb8 36. Rd2 Rb4 37. Bd3 Na4 38. Ra1 Rdb8 39. Kg2 b2 40. Ra3 Nc3 41. Ra5 b1=Q 42. Bxb1 Rxb1 43.
Rxh5 Rd8 44. Rc5 Ne4 0-1

[Event "*** SCC Grand Prix: Titled Tuesday Blitz"]
[Site "Chess.com"]
[Date "2020.07.14"]
[Round "5"]
[White "PawnEatingZombie"]
[Black "suyu28"]
[Result "0-1"]
[WhiteElo "2218"]
[BlackElo "2555"]
[TimeControl "180+1"]
[EndTime "10:54:54 PDT"]
[Termination "suyu28 won by resignation"]

1. d4 d5 2. c4 c6 3. Nc3 e6 4. e3 Nf6 5. Nf3 Nbd7 6. Qc2 Bd6 7. Bd3 dxc4 8. Bxc4 b5 9. Be2 Bb7 10. O-O a6 11. e4 e5 12. dxe5 Nxe5 13. Nh4 O-O 14. Nf5 Bc7 15. Bg5 Bc8 16. Rad1 Qe8 17. Bxf6 gxf6 18. Nd6 Qe7 19. Nxc8 Raxc8 20. Qd2 Rcd8 21. Qh6 Ng6 22. Bf3 Be5 23. g3 Qb4 24. Rd2 Bxc3 25.
bxc3 Qxc3 26. Rfd1 Rxd2 0-1

[Event "*** SCC Grand Prix: Titled Tuesday Blitz"]
[Site "Chess.com"]
[Date "2020.07.14"]
[Round "5"]
[White "JozefKneht"]
[Black "yuliagok"]
[Result "1-0"]
[WhiteElo "2321"]
[BlackElo "2105"]
[TimeControl "180+1"]
[EndTime "10:54:54 PDT"]
[Termination "JozefKneht won by resignation"]

1. e4 c6 2. d4 d5 3. Nc3 dxe4 4. Nxe4 Bf5 5. Ng3 Bg6 6. h4 h6 7. Nf3 Nd7 8. h5 Bh7 9. Bd3 Bxd3 10. Qxd3 e6 11. Bf4 Qa5+ 12. Bd2 Bb4 13. c3 Be7 14. c4 Qc7 15. O-O-O Ngf6 16. Ne4 Nxe4 17. Qxe4 Nf6 18. Qe2 O-O 19. Ne5 c5 20. Bc3 cxd4 21.
Rxd4 Rfd8 22. Rhd1 Rxd4 23. Rxd4 Rd8 24. Rxd8+ Qxd8 25. g4 Nd7 26. Qd3 Nxe5 27. Qxd8+ Bxd8 28. Bxe5 f6 29. Bb8 Bb6 30. f3 a5 31. Kc2 Kf7 32. Kb3 g6 33. Ka4 gxh5 34. gxh5 Bd4 35. Kxa5 Bxb2 36. Kb6 e5 37. Kxb7 Ba3 38. Ba7 Ke6 39. Be3 Bf8 40.
c5 f5 41. c6 Bd6 42. Bxh6 e4 43. fxe4 fxe4 44. c7 Bxc7 45. Kxc7 Kf5 46. a4 Kg4 47. a5 Kxh5 48. Bc1 Kg4 49. a6 Kf3 50. a7 e3 51.
a8=Q+ Kf2 52. Bxe3+ Kxe3 53. Kd6 Kd4 54. Qa4+ Kd3 55.
Kd5 Ke3 56. Qe4+ Kd2 57. Qf3 Kc2 58. Kc4 Kd2 59. Qf2+ Kd1 60. Kc3 1-0

[Event "*** SCC Grand Prix: Titled Tuesday Blitz"]
[Site "Chess.com"]
[Date "2020.07.14"]
[Round "5"]
[White "anpospan"]
[Black "Juanovic"]
[Result "1-0"]
[WhiteElo "2315"]
[BlackElo "2093"]
[TimeControl "180+1"]
[EndTime "10:54:55 PDT"]
[Termination "anpospan won by resignation"]

1. d4 d5 2. c4 c6 3. Nf3 Nf6 4. e3 Bg4 5. Be2 e6 6. O-O Nbd7 7. Nbd2 h6 8. b3 Bd6 9. Bb2 O-O 10. Ne5 Bxe2 11. Qxe2 Bxe5 12. dxe5 Nh7 13. e4 dxe4 14.
Nxe4 Qc7 15. Ba3 c5 16. f4 f5 17. Nd6 Rad8 18. Qf3 b6 19. Rad1 Nb8 20. Bb2 Nc6 21.
Nb5 Qb7 22. Nxa7 Qxa7 23. Qxc6 Qxa2 24. Qxe6+ Kh8 25. Rxd8 Rxd8 26. Qxb6 Ra8 27. Ra1 1-0

[Event "*** SCC Grand Prix: Titled Tuesday Blitz"]
[Site "Chess.com"]
[Date "2020.07.14"]
[Round "5"]
[White "Jungle_Jaguar"]
[Black "White_Ghost"]
[Result "0-1"]
[WhiteElo "2659"]
[BlackElo "2502"]
[TimeControl "180+1"]
[EndTime "10:54:57 PDT"]
[Termination "White_Ghost won by checkmate"]

1. e4 e5 2. Nf3 Nc6 3. Bb5 a6 4. Ba4 b5 5. Bb3 Na5 6. Nxe5 Nxb3 7. axb3 Qe7 8. Ng4 Qxe4+ 9. Ne3 Bb7 10. O-O Be7 11.
Re1 Nf6 12. Nc3 Qg6 13. d3 O-O 14. Ne2 Bd6 15. Ng3 Rae8 16. Bd2 h5 17. f3 h4 18. Ne4 h3 19. g3 Nxe4 20. dxe4 Rxe4 21. fxe4 Qxe4 22. Kf1 Qh1+ 23. Ke2 Qf3+ 24. Kd3 Be4+ 25.
Kd4 c5+ 26. Kc3 Qf6# 0-1

[Event "*** SCC Grand Prix: Titled Tuesday Blitz"]
[Site "Chess.com"]
[Date "2020.07.14"]
[Round "5"]
[White "Sam_ChessMood"]
[Black "Escanor89"]
[Result "1-0"]
[WhiteElo "2807"]
[BlackElo "2529"]
[TimeControl "180+1"]
[EndTime "10:54:58 PDT"]
[Termination "Sam_ChessMood won by resignation"]

1. e4 c5 2. Nc3 Nc6 3. Nf3 d6 4. d4 cxd4 5. Nxd4 Nf6 6. f3 e6 7. Be3 Be7 8. Qd2 a6 9. O-O-O O-O 10. g4 Nxd4 11. Qxd4 b5 12. Kb1 Bb7 13. h4 Nd7 14. g5 Qa5 15. a3 Rac8 16. h5 Ne5 17. h6 Rxc3 18. bxc3 Qa4 19. Be2 Rc8 20. Qxa4 bxa4 21. hxg7 d5 22. Bd4 Nc4 23. Bxc4 Rxc4 24. Bf6 1-0

[Event "*** SCC Grand Prix: Titled Tuesday Blitz"]
[Site "Chess.com"]
[Date "2020.07.14"]
[Round "5"]
[White "Chess_Boxer123"]
[Black "JuliaEfremova"]
[Result "1-0"]
[WhiteElo "2580"]
[BlackElo "2312"]
[TimeControl "180+1"]
[EndTime "10:54:58 PDT"]
[Termination "Chess_Boxer123 won by resignation"]

1. d4 e5 2. dxe5 Nc6 3. Nf3 Qe7 4. Nc3 Nxe5 5. Nxe5 Qxe5 6. g3 d6 7. Bg2 h5 8. Bf4 Qe7 9. h4 g6 10. Qd4 Qf6 11. Qd2 Bg7 12. O-O Nh6 13. Bg5 Qe6 14. Nd5 Qd7 15. Bf6 O-O 16. Qc3 c6 17. Bxg7 cxd5 18.
Bxh6 f6 19. Bxf8 Kxf8 20. Qxf6+ Qf7 21. Qxd6+ Kg7 22. Qxd5 Be6 23. Qxb7 Qxb7 24. Bxb7 Rb8 25. Be4 Rxb2 26. Rfb1 1-0

[Event "*** SCC Grand Prix: Titled Tuesday Blitz"]
[Site "Chess.com"]
[Date "2020.07.14"]
[Round "5"]
[White "PowerThinking2650"]
[Black "pirulillo"]
[Result "0-1"]
[WhiteElo "2319"]
[BlackElo "2153"]
[TimeControl "180+1"]
[EndTime "10:54:58 PDT"]
[Termination "pirulillo won by checkmate"]

1. e4 c5 2. Nf3 e6 3. d4 cxd4 4. Nxd4 Nf6 5. Nc3 Nc6 6. Nxc6 bxc6 7. e5 Nd5 8. Ne4 Bb7 9. c4 Nb4 10. a3 c5 11. Bg5 Qb6 12. Nd6+ Bxd6 13. exd6 Nc6 14.
b3 Nd4 15. b4 Qxd6 16. Be3 e5 17. Rb1 Be4 18. Rb2 Qg6 19. f3 Nc2+ 20. Kf2 Nxe3 21.
Kxe3 Bf5 22. bxc5 O-O 23. Qd6 Qg5+ 24. Kf2 Rac8 25. Qxe5 Rfe8 26. Qg3 Qe3# 0-1

[Event "*** SCC Grand Prix: Titled Tuesday Blitz"]
[Site "Chess.com"]
[Date "2020.07.14"]
[Round "5"]
[White "Ty3oB"]
[Black "kingnb"]
[Result "0-1"]
[WhiteElo "2195"]
[BlackElo "2551"]
[TimeControl "180+1"]
[EndTime "10:55:01 PDT"]
[Termination "kingnb won on time"]

1. d4 Nf6 2. Nf3 g6 3. c4 Bg7 4. Nc3 d6 5. g3 O-O 6. Bg2 c6 7. O-O Qa5 8. h3 Be6 9. Qd3 Qa6 10. b3 d5 11. Ne5 Nbd7 12. Nxd7 Nxd7 13. cxd5 Qxd3 14.
exd3 cxd5 15. Nxd5 Bxd5 16. Bxd5 Bxd4 17. Rb1 Rab8 18.
Ba3 Rfe8 19. Rbc1 e6 20. Be4 Rec8 21. Bd6 Rxc1 22. Rxc1 Rd8 23. Bxb7 Ne5 24. Rc8 Rxc8 25. Bxc8 Nxd3 26. Kg2 Nxf2 27. Be5 Bb6 28. Ba6 Ne4 29.
Bd3 Nc5 30. Bc2 Nd7 31. Bc3 f6 32. b4 Kf7 33. a4 Ke7 34. Kf3 Bc7 35. Bd4 Bb6 36. Bc3 Kd6 37. h4 Ne5+ 38. Ke2 f5 0-1

[Event "*** SCC Grand Prix: Titled Tuesday Blitz"]
[Site "Chess.com"]
[Date "2020.07.14"]
[Round "5"]
[White "Bastiandash"]
[Black "AJSC02"]
[Result "1-0"]
[WhiteElo "2321"]
[BlackElo "2108"]
[TimeControl "180+1"]
[EndTime "10:55:01 PDT"]
[Termination "Bastiandash won on time"]

1. Nf3 Nf6 2. e3 g6 3. c4 Bg7 4.
Nc3 O-O 5. d4 d5 6. b3 c5 7. cxd5 Nxd5 8. Bb2 cxd4 9. Nxd4 Qa5 10.
Qd2 Rd8 11. Nxd5 Qxd2+ 12. Kxd2 Rxd5 13. Bc4 Rd8 14. Ke2 a6 15. a4 e5 16. Nf3 Nc6 17. Ng5 Rf8 18. Ba3 h6 19. Bxf8 Kxf8 20. Nxf7 Na5 21. Nd6 Nxc4 22. Nxc4 e4 23. Rac1 Be6 24.
Rhd1 b5 25. Nb6 Rb8 26. a5 Bxb3 27. Rd7 Be6 28. Ra7 Rd8 29. Rcc7 1-0

[Event "*** SCC Grand Prix: Titled Tuesday Blitz"]
[Site "Chess.com"]
[Date "2020.07.14"]
[Round "5"]
[White "ferdipy"]
[Black "Yoshikrov"]
[Result "1-0"]
[WhiteElo "2332"]
[BlackElo "2119"]
[TimeControl "180+1"]
[EndTime "10:55:02 PDT"]
[Termination "ferdipy won by resignation"]

1. e4 c5 2. d4 Nf6 3. c3 cxd4 4. e5 Nd5 5. cxd4 e6 6. Nf3 d6 7. a3 Nc6 8. Bd3 dxe5 9. dxe5 Be7 10. O-O O-O 11.
Bd2 b6 12. Qc2 Bb7 13. Bxh7+ Kh8 14. Bd3 Rc8 15. Qd1 Qc7 16. Re1 Rfd8 17. Qe2 Na5 18.
Nd4 g6 19. Nc3 Nxc3 20. Bxc3 Kg7 21. Rad1 Rh8 22. Qg4 Rh4 23. Nxe6+ fxe6 24. Qxg6+ Kf8 25.
Re3 Bc5 26. Rg3 Qf7 27. Qxf7+ Kxf7 28. b4 Be7 29. Bg6+ Kf8 30. bxa5 Bd5 31. axb6 axb6 32.
Bd2 Ra4 33. Bh6+ Kg8 34. Bc2+ 1-0

[Event "*** SCC Grand Prix: Titled Tuesday Blitz"]
[Site "Chess.com"]
[Date "2020.07.14"]
[Round "5"]
[White "GMJustin"]
[Black "FearNoEvil12"]
[Result "1-0"]
[WhiteElo "2291"]
[BlackElo "2010"]
[TimeControl "180+1"]
[EndTime "10:55:03 PDT"]
[Termination "GMJustin won by checkmate"]

1. d4 b5 2. e4 a6 3. a4 b4 4.
Bd3 Bb7 5. Nf3 e6 6. O-O Nf6 7. Qe2 d6 8. c3 bxc3 9. bxc3 Nbd7 10. Nbd2 h6 11. Rb1 Rb8 12. Ba3 g5 13. Bxa6 Bxa6 14.
Qxa6 Ra8 15. Qc6 g4 16. Ne1 h5 17. Nd3 Bh6 18. Rfd1 O-O 19. e5 Nd5 20. Ne4 dxe5 21.
Bxf8 Bxf8 22. dxe5 N7b6 23. c4 Ne7 24. Nf6+ Kh8 25.
Qe4 Nf5 26. Nf4 Qe7 27. N4xh5 Rxa4 28. Qxg4 Rxc4 29. Qg8# 1-0

[Event "*** SCC Grand Prix: Titled Tuesday Blitz"]
[Site "Chess.com"]
[Date "2020.07.14"]
[Round "5"]
[White "isainz"]
[Black "KratosKrieg"]
[Result "1-0"]
[WhiteElo "2144"]
[BlackElo "1954"]
[TimeControl "180+1"]
[EndTime "10:55:03 PDT"]
[Termination "isainz won on time"]

1. e4 c6 2. d4 d5 3. e5 Bf5 4.
Nf3 e6 5. Be2 c5 6. Be3 Nd7 7.
O-O Qc7 8. Nc3 a6 9. Qd2 Ne7 10. dxc5 Nc6 11. Nh4 Bg6 12. Na4 Ndxe5 13. f4 Nd7 14. f5 exf5 15. Qxd5 O-O-O 16. Nxg6 hxg6 17. Bf4 Nde5 18. Qb3 Nd4 19. Qe3 Nxe2+ 20. Qxe2 Bxc5+ 21. Nxc5 Qxc5+ 22. Qf2 Qxf2+ 23. Rxf2 Ng4 24. Re2 Rhe8 25.
Rxe8 Rxe8 26. h3 Nf6 27. Kf1 Ne4 28. Ke2 Nc3+ 29. Kd3 Nd5 30. Bd6 1-0

[Event "*** SCC Grand Prix: Titled Tuesday Blitz"]
[Site "Chess.com"]
[Date "2020.07.14"]
[Round "5"]
[White "1977Ivan"]
[Black "XiaoKangZhong"]
[Result "1-0"]
[WhiteElo "2685"]
[BlackElo "2446"]
[TimeControl "180+1"]
[EndTime "10:55:06 PDT"]
[Termination "1977Ivan won on time"]

1. c4 Nf6 2. Nc3 e5 3. Nf3 Nc6 4. g3 d5 5. cxd5 Nxd5 6. Bg2 Nb6 7. a3 Be6 8. b4 Be7 9. Rb1 f6 10. O-O O-O 11. b5 Nd4 12. e3 Nxf3+ 13. Bxf3 Nd5 14. Ne2 Kh8 15. Qc2 Rc8 16. d4 Nb6 17. Bxb7 Rb8 18.
Bc6 Bc4 19. Rd1 Bd6 20. Nc3 Qe7 21. a4 exd4 22. Rxd4 Be5 23. Rh4 Bg8 24. a5 Nc8 25.
Nd5 Qd6 26. f4 Ne7 27. fxe5 fxe5 28. Nxe7 Qxe7 29. Bb2 Rbd8 30. Be4 h6 31. Rh5 Qd7 32. Rxh6+ 1-0

[Event "*** SCC Grand Prix: Titled Tuesday Blitz"]
[Site "Chess.com"]
[Date "2020.07.14"]
[Round "5"]
[White "FMJoseHerrera"]
[Black "AnishOnYoutube"]
[Result "0-1"]
[WhiteElo "2493"]
[BlackElo "2856"]
[TimeControl "180+1"]
[EndTime "10:55:07 PDT"]
[Termination "AnishOnYoutube won by checkmate"]

1. Nf3 d5 2. g3 Bg4 3. Bg2 c6 4. d3 Nd7 5. c3 e5 6. O-O Ngf6 7. Qb3 Qc7 8. c4 d4 9. e3 dxe3 10. Bxe3 Be7 11. d4 exd4 12. Nxd4 O-O 13. Nc3 Rfe8 14. Rfe1 a5 15. Qc2 Bc5 16. Bf4 Qd8 17. Nf5 Nf8 18.
Rxe8 Qxe8 19. Na4 Bxf5 20. Qxf5 Bd4 21. Rd1 Rd8 22. Bc7 Bxf2+ 23. Kxf2 Rxd1 24. Bxa5 Ne6 25. Bc3 Nd4 26. Nc5 Qe2# 0-1

[Event "*** SCC Grand Prix: Titled Tuesday Blitz"]
[Site "Chess.com"]
[Date "2020.07.14"]
[Round "5"]
[White "GMaka"]
[Black "themind1hunter"]
[Result "1-0"]
[WhiteElo "2352"]
[BlackElo "2488"]
[TimeControl "180+1"]
[EndTime "10:55:07 PDT"]
[Termination "GMaka won on time"]

1. d4 Nf6 2. Bg5 d5 3. e3 Nbd7 4. Nf3 g6 5. c4 Bg7 6. Nc3 h6 7.
Bf4 c6 8. cxd5 Nxd5 9. Nxd5 cxd5 10. Bd3 O-O 11. O-O Qb6 12. Qb3 Qxb3 13. axb3 Nf6 14.
Rfc1 Ne4 15. Rc7 g5 16. Be5 f6 17. Bg3 Nxg3 18. hxg3 e5 19. Bg6 e4 20. Nd2 f5 21.
Rac1 a5 22. R1c5 Be6 23. Rxb7 Rfc8 24. Rcc7 Rxc7 25. Rxc7 Bf8 26. Bh7+ Kh8 27. Bg6 Ra6 28. Bf7 Bb4 29. Bxe6 Rxe6 30. Nb1 Kg8 31. Nc3 Rd6 32. Na4 Rd8 33. Nb6 1-0

[Event "*** SCC Grand Prix: Titled Tuesday Blitz"]
[Site "Chess.com"]
[Date "2020.07.14"]
[Round "5"]
[White "Zarinur"]
[Black "Sacbutt"]
[Result "1-0"]
[WhiteElo "2078"]
[BlackElo "2283"]
[TimeControl "180+1"]
[EndTime "10:55:07 PDT"]
[Termination "Zarinur won by resignation"]

1. e4 d5 2. exd5 Qxd5 3. Nc3 Qd6 4. d4 Nf6 5. Nb5 Qb6 6. c4 c6 7. Nc3 Bg4 8. Be2 Bxe2 9. Ngxe2 e6 10. Qc2 Be7 11.
O-O O-O 12. d5 cxd5 13. cxd5 exd5 14. Be3 Qa5 15. Rad1 Nc6 16. Ng3 Rfd8 17. Nf5 Bf8 18. Bg5 Ne4 19. Bxd8 Rxd8 20. Nxe4 dxe4 21. Rxd8 Nxd8 22.
Qxe4 Qxa2 23. Qe8 Ne6 24. Re1 g6 25. Nh6+ Kg7 26. Nxf7 Nc5 27. Ne5 Qxb2 28. Qf7+ Kh6 29. Qxf8+ Kg5 30. Qxc5 Qd2 31. Nf3+ 1-0

[Event "*** SCC Grand Prix: Titled Tuesday Blitz"]
[Site "Chess.com"]
[Date "2020.07.14"]
[Round "5"]
[White "KazakhFighter04"]
[Black "SiddharthGMJagadeesh"]
[Result "1-0"]
[WhiteElo "2743"]
[BlackElo "2512"]
[TimeControl "180+1"]
[EndTime "10:55:08 PDT"]
[Termination "KazakhFighter04 won by resignation"]

1. e4 c5 2. Nf3 e6 3. d4 cxd4 4. Nxd4 a6 5. Bd3 g6 6. c4 Bg7 7. Nf3 Ne7 8. O-O O-O 9. Qe2 d6 10. Nc3 Nd7 11. Bf4 Bxc3 12. bxc3 e5 13. Be3 Qc7 14. Nd2 Nc5 15. Nb3 Nxd3 16. Qxd3 Be6 17. c5 Rfd8 18. cxd6 Rxd6 19. Qc2 Rc8 20. Rac1 Rc6 21.
Bg5 Bc4 22. Rfd1 f6 23. Be3 Be6 24. Qe2 Rxc3 25. Rxc3 Qxc3 26. Rc1 Qb4 27. Bc5 Bxb3 28. Bxb4 Rxc1+ 29. Be1 Be6 30. h3 Nc6 31. Kh2 Nd4 32. Qe3 Rc2 33. Bb4 Rxa2 34. Qh6 1-0